 Dungeon Crawl Stone Soup version 0.17.0 (webtiles) character file.

2089 edsrzf the Spear-Bearer (level 9, -13/79 HPs)
             Began as a Minotaur Berserker on Nov 22, 2015.
             Was a Priest of Trog.
             Mangled by a warg (15 damage)
             ... on level 9 of the Dungeon.
             The game lasted 00:07:01 (2484 turns).

edsrzf the Spear-Bearer (Minotaur Berserker)        Turns: 2484, Time: 00:07:01

Health: -13/79     AC:  6    Str: 23    XL:     9   Next: 6%
Magic:  8/8        EV: 13    Int:  4    God:    Trog [***...]
Gold:   156        SH:  0    Dex: 12    Spells: 0 memorised, 8 levels left

rFire  + . .     SeeInvis .     a - +0 scythe
rCold  + . .     Clarity  .     h - +0 ring mail
rNeg   . . .     SustAt   .     (shield currently unavailable)
rPois  +         Gourm    .     (helmet restricted)
rElec  +         Spirit   .     (no cloak)
rCorr  +         Warding  .     (no gloves)
rMut   .         Stasis   .     (no boots)
MR     .....                    (no amulet)
Stlth  +.........               (no ring)
                                (no ring)

@: resistant, flying, drained, not resistant to hostile enchantments, very
unstealthy
A: retaliatory headbutt, horns 2
a: Berserk, Trog's Hand, Burn Spellbooks, Renounce Religion


You were on level 9 of the Dungeon.
You worshipped Trog.
Trog was most pleased with you.
You were not hungry.

You visited 1 branch of the dungeon, and saw 9 of its levels.

You collected 180 gold pieces.
You spent 24 gold pieces at shops.

Inventory:

Hand Weapons
 a - a +0 scythe (weapon)
Missiles
 d - 20 poisoned needles
 g - 6 curare-tipped needles {=f}
Armour
 h - a +0 ring mail (worn)
Wands
 o - a wand of lightning (1)
 q - a wand of polymorph (15)
Scrolls
 b - a scroll of recharging {unknown}
 e - 2 scrolls of remove curse {@r2}
 l - a scroll of fog {unknown}
 m - a scroll of amnesia {unknown}
 n - 2 scrolls of teleportation {unknown}
Potions
 f - a potion of flight
 j - a potion of agility {unknown}
 r - 2 potions of might
Comestibles
 c - a bread ration
 k - 2 meat rations
 p - a beef jerky
 s - 5 chunks of flesh


   Skills:
 + Level 7.5(7.3) Fighting
 * Level 9.7(9.5) Polearms
 + Level 6.7(6.6) Armour
 + Level 6.1(6.0) Dodging


You had 8 spell levels left.
You didn't know any spells.

Dungeon Overview and Level Annotations

Branches:
Dungeon (9/15)
 Temple: D:4-7         Lair: D:8-11         Orc: D:9-12

Altars:
Gozag
Ru
Zin

Shops:
D:5 :(*


Innate Abilities, Weirdness & Mutations

You reflexively headbutt those who attack you in melee.
You have a pair of horns on your head.


Message History

Unknown command.
You closely miss the wight. You headbutt the wight.
The wight is lightly damaged.
The wight barely misses you. x2
You furiously retaliate!
You headbutt the wight! You hit the wight but do no damage.
The wight is severely damaged.
The wight misses you. The wight hits you but does no damage.
The wight barely misses you.
You closely miss the wight.
The wight is severely damaged.
The wight closely misses you. The wight misses you.
The wight hits you but does no damage.
You slice the wight!!
You destroy the wight!
The wight hits you but does no damage.
The wight hits you with an enchanted spear.
You barely miss the wight.
You headbutt the wight, but do no damage.
The wight barely misses you.
You barely miss the wight.
The wight hits you with an enchanted spear!
The wight hits you with an enchanted spear.
* * * LOW HITPOINT WARNING * * *
You hit the wight but do no damage. You headbutt the wight.
The wight is moderately damaged.
The wight hits you but does no damage.
You slice the wight!!
You destroy the wight!
Things that are here:
an enchanted spear; a runed robe You now have 156 gold pieces (gained 18).
Things that are here:
an enchanted trident; a robe; a trident You start resting.
A warg comes into view.
Unknown command.
The warg howls!
Items here: )))) [[[[ รท Attack whom?
Press: ? - help, Dir - move target cursor, f - warg
Aim: a warg You barely miss the warg.
Your headbutt misses the warg. The warg closely misses you. The warg bites you.
You completely miss the warg. You headbutt the warg.
The warg is lightly wounded.
The warg bites you!
* * * LOW HITPOINT WARNING * * *
The warg bites you.
* * * LOW HITPOINT WARNING * * *
You barely miss the warg. You headbutt the warg!
The warg is moderately wounded.
The warg bites you!
* * * LOW HITPOINT WARNING * * *
The warg misses you. You furiously retaliate!
You headbutt the warg, but do no damage.
You barely miss the warg. You headbutt the warg.
The warg is heavily wounded.
The warg barely misses you. The warg closely misses you.
Drink which item? (? for menu, Esc to quit)
Okay, then.
Unknown command.
Evoke which item? (* to show all) (? for menu, Esc to quit)
Okay, then.
Unknown command.
Read which item? (? for menu, Esc to quit)
Okay, then.
Unknown command.
Press: ? - help, v - describe, . - travel, g - get item
Here: a warg (moderately wounded)
An enchanted short sword.
There is something else lying underneath.
The floor, spattered with blood.
Unknown command.
Drink which item? (? for menu, Esc to quit)
Okay, then.
Unknown command.
Drink which item? (? for menu, Esc to quit)
It was a potion of flight.
You feel very buoyant.
You fly up into the air.
The warg bites you.
* * * LOW HITPOINT WARNING * * *
Evoke which item? (* to show all) (? for menu, Esc to quit)
Okay, then.
Evoke which item? (* to show all) (? for menu, Esc to quit)
Zapping:
q - a wand of polymorph (will waste charges)
Press: ? - help, Shift-Dir - straight line, f/p - warg
Aim: a warg (moderately wounded, chance to defeat MR: 28%)
Okay, then.
Unknown command.
Read which item? (? for menu, Esc to quit)
Okay, then.
Unknown command.
Drink which item? (? for menu, Esc to quit)
Okay, then.
Drink which item? (? for menu, Esc to quit)
It was a potion of resistance.
You feel protected. The warg bites you!
You die...

.## #. # .... ..
####. ...##. .....
### #..#.#
........## ###.....
#...#.. ........
#...# #..... #@#
#....< #h## .#....#
#))# ....... ##.##
..H..... #.)##
.........
#####.<##........?.
........[...(.......
.........h..........
............####


You could see a warg.

Vanquished Creatures
  Sigmund (D:4)
  2 steam dragons
  A hippogriff (D:9)
  2 orc warriors (D:9)
  A sky beast (D:8)
  An ogre (D:5)
  A black bear (D:8)
  2 centaurs
  3 giant frogs
  3 wights (D:9)
  A scorpion (D:7)
  5 crimson imps
  3 orc wizards (D:8)
  2 centaur zombies
  An orc priest (D:9)
  A giant frog zombie (D:5)
  2 iguanas
  2 hounds
  3 adders
  An adder skeleton (D:5)
  2 worms
  A giant gecko (D:9)
  22 orcs
  2 ball pythons
  A goblin (D:1)
  A hobgoblin (D:3)
  6 jackals
  A quokka (D:5)
  2 kobolds
  2 rats
78 creatures vanquished.

Notes
Turn   | Place    | Note
--------------------------------------------------------------
     0 | D:1      | edsrzf the Minotaur Berserker began the quest for the Orb.
     0 | D:1      | Reached XP level 1. HP: 19/19 MP: 0/0
    91 | D:3      | Reached skill level 4 in Polearms
    91 | D:3      | Reached XP level 2. HP: 21/27 MP: 1/1
   348 | D:3      | Reached skill level 4 in Fighting
   353 | D:3      | Reached skill level 3 in Armour
   353 | D:3      | Reached XP level 3. HP: 23/33 MP: 2/2
   578 | D:4      | Reached ** piety under Trog
   606 | D:4      | Noticed Sigmund
   613 | D:4      | Killed Sigmund
   613 | D:4      | Reached skill level 5 in Polearms
   613 | D:4      | Reached skill level 3 in Dodging
   613 | D:4      | Reached XP level 4. HP: 41/41 MP: 3/3
   613 | D:4      | Reached XP level 5. HP: 47/47 MP: 4/4
   689 | D:5      | Entered Level 5 of the Dungeon
   694 | D:5      | Noticed an ogre
   700 | D:5      | Killed an ogre
   700 | D:5      | Reached skill level 5 in Fighting
   700 | D:5      | Reached skill level 6 in Polearms
   700 | D:5      | Reached skill level 4 in Armour
   700 | D:5      | Reached XP level 6. HP: 49/56 MP: 5/5
   814 | D:5      | Found Biut's Assorted Antiques.
   823 | D:5      | Bought a scroll labeled BAROGRUICI for 24 gold pieces
   849 | D:5      | Found a glowing silver altar of Zin.
   914 | D:5      | Found Wusurch's Book Shop.
   946 | D:5      | Found Rutom's Weapon Shoppe.
   991 | D:5      | Noticed a centaur
   999 | D:5      | Killed a centaur
  1036 | D:6      | Reached skill level 4 in Dodging
  1036 | D:6      | Reached XP level 7. HP: 38/61 MP: 6/6
  1079 | D:6      | Found an opulent altar of Gozag.
  1117 | D:6      | Identified 2 scrolls of remove curse
  1120 | D:6      | Found a sacrificial altar of Ru.
  1277 | D:7      | Reached skill level 5 in Armour
  1288 | D:8      | Reached skill level 7 in Polearms
  1555 | D:8      | Reached skill level 6 in Fighting
  1713 | D:8      | Reached XP level 8. HP: 55/70 MP: 7/7
  1791 | D:8      | Reached skill level 8 in Polearms
  1791 | D:8      | Reached skill level 5 in Dodging
  1933 | D:8      | Reached skill level 6 in Armour
  2060 | D:9      | Reached skill level 7 in Fighting
  2060 | D:9      | Reached skill level 9 in Polearms
  2303 | D:9      | Reached *** piety under Trog
  2355 | D:9      | Reached skill level 6 in Dodging
  2355 | D:9      | Reached XP level 9. HP: 43/79 MP: 8/8
  2481 | D:9      | HP: 3/79 [warg (10)]
  2483 | D:9      | Identified 2 potions of flight
  2484 | D:9      | Identified a potion of resistance
  2484 | D:9      | Mangled by a warg

Action                   |  1- 3 |  4- 6 |  7- 9 || total
-------------------------+-------+-------+-------++-------
Melee: Spear             |    60 |       |       ||    60
       Scythe            |       |    31 |   134 ||   165
Invok: Berserk           |     3 |     1 |     3 ||     7
       Trog's Hand       |     1 |       |       ||     1
  Use: Scroll            |       |       |     1 ||     1
       Potion            |       |       |     2 ||     2
  Eat: Chunk             |     1 |     4 |     8 ||    13
